 Dungeon Crawl Stone Soup version 0.21.1-1-g345015f (webtiles) character file.

280 Fang the Chopper (level 6, 0/58 HPs)
             Began as a Gargoyle Berserker on May 27, 2018.
             Was a Believer of Trog.
             Slain by an orc wizard
             ... wielding a +0 dagger
              (4 damage)
             ... on level 4 of the Dungeon.
             The game lasted 00:02:33 (3643 turns).

Fang the Chopper (Gargoyle Berserker)               Turns: 3643, Time: 00:02:34

Health: 0/58       AC:  6    Str: 27    XL:     6   Next: 27%
Magic:  6/6        EV: 12    Int: 10    God:    Trog [**....]
Gold:   283        SH:  0    Dex:  9    Spells: 5/5 levels left

rFire    . . .     SeeInvis .   a - +0 hand axe
rCold    + . .     Gourm    .   (no shield)
rNeg     + . .     Faith    .   b - +0 animal skin
rPois    ∞         Spirit   .   (no helmet)
rElec    +         Reflect  .   (no cloak)
rCorr    .         Harm     .   (no gloves)
MR       .....                  (no boots)
Stlth    ..........             (no amulet)
HPRegen  0.19/turn              k - ring of protection from cold
MPRegen  0.10/turn              f - +2 ring of intelligence

@: berserking, slowed
A: negative energy resistance 1, electricity resistance, unbreathing,
petrification resistance, rot immunity, AC +4
a: Berserk, Trog's Hand, Burn Spellbooks, Renounce Religion


You were on level 4 of the Dungeon.
You worshipped Trog.
Trog was pleased with you.
You were hungry.

You visited 1 branch of the dungeon, and saw 4 of its levels.

You collected 283 gold pieces.

Inventory:

Hand Weapons
 a - a +0 hand axe (weapon)
Armour
 b - a +0 animal skin (worn)
Jewellery
 f - a +2 ring of intelligence (right hand)
 k - a ring of protection from cold (left hand)
Scrolls
 d - a scroll of enchant armour {unknown}
 e - 9 scrolls of identify {unknown}
 j - a scroll of blinking {unknown}
 l - 2 scrolls of fog {unknown}
 n - 2 scrolls of fear {unknown}
 o - 2 scrolls of noise {unknown}
 q - a scroll of teleportation {unknown}
Potions
 g - a potion of might {unknown}
 h - 2 potions of degeneration {unknown}
 i - a potion of invisibility {unknown}
 m - a potion of heal wounds {unknown}
 p - a potion of magic {unknown}
 r - a potion of lignification {unknown}
 u - a potion of curing {unknown}
Books
 t - a book of Misfortune

   Spells                             Type                      Level
   a - Confusing Touch                Hexes                        1
   b - Confuse                        Hexes                        3
   c - Gell's Gravitas                Translocation                3
   d - Petrify                        Transmutation/Earth          4
   e - Metabolic Englaciation         Hexes/Ice                    5
   f - Yara's Violent Unravelling     Hexes/Transmutation          5
   Trog disapproves of the use of such an item.
Comestibles
 c - 8 rations


   Skills:
 + Level 4.3 Fighting
 + Level 4.7 Axes
 + Level 2.5 Armour
 + Level 2.7 Dodging
 + Level 1.5 Stealth


You had 5 spell levels left.
You didn't know any spells.

Dungeon Overview and Level Annotations

Branches:
Dungeon (4/15)
 Temple: D:4-7

Altars:
Nemelex Xobeh
Okawaru
The Shining One


Innate Abilities, Weirdness & Mutations

You are resistant to torment.
Your stone body is resilient. (AC +4)
You are immune to poison.
You resist negative energy. (rN+)
You are resistant to electric shocks. (rElec)
You can survive without breathing.
You are immune to petrification.
You are immune to rotting.


Message History

You hit something but do no damage. You hit the orc wizard.
You hear some strange, mumbled words.
A puff of flame appears from out of thin air!
The puff of flame hits you!
* * * LOW HITPOINT WARNING * * *
The orc wizard hits you but does no damage.
You hear some strange, mumbled words.
A magic dart appears from out of thin air!
The magic dart hits you!
* * * LOW HITPOINT WARNING * * *
The orc hits you but does no damage. The orc wizard casts a spell at you.
The magic dart hits you!
* * * LOW HITPOINT WARNING * * *
Something hits you but does no damage.
A red film seems to cover your vision as you go berserk!
You feel yourself moving faster!
You feel mighty!
You are feeling hungry.
The orc wizard hits you with a dagger.
You die...

##..#.##.# .......
........# #..
#...#.###........#
............. ........
................##...
..#................. #
#.#.....# #.#.##...
..#.##.#{o...# #.#.##...
.........@o...####.#.##..#
..........................
#....###......####.#.##..#
.....................##..#
#..#.###......####..(##..#
..#......................
........................#
..#.####.....###....##..#
.#.####................#


You could see an orc wizard and an orc.

Vanquished Creatures
  A bullfrog zombie (D:2)
  A gnoll shaman (D:4)
  An orc priest (D:3)
  An orc wizard (D:3)
  A worker ant (D:2)
  A hound skeleton (D:4)
  2 adders (D:2)
  3 gnolls (D:4)
  2 oozes
  A worm (D:3)
  2 dart slugs
  A leopard gecko (D:1)
  3 orcs (D:3)
  9 bats
  3 giant cockroaches
  3 goblins (D:1)
  5 hobgoblins
  4 jackals (D:2)
  8 kobolds
  A quokka (D:2)
  A ball python (D:2)
  5 frilled lizards
  8 rats
67 creatures vanquished.

Notes
Turn   | Place    | Note
-------+----------+-------------------------------------------
     0 | D:1      | Fang the Gargoyle Berserker began the quest for the Orb.
     0 | D:1      | Reached XP level 1. HP: 14/14 MP: 1/1
   367 | D:1      | Reached XP level 2. HP: 19/19 MP: 2/2
   747 | D:1      | Found a glowing golden altar of the Shining One.
  1171 | D:2      | Reached XP level 3. HP: 17/24 MP: 3/3
  1338 | D:2      | Reached ** piety under Trog
  1347 | D:2      | Found an iron altar of Okawaru.
  1664 | D:2      | Reached XP level 4. HP: 17/29 MP: 4/4
  1802 | D:2      | Reached skill level 1 in Stealth
  2127 | D:2      | Reached XP level 5. HP: 30/33 MP: 5/5
  3363 | D:4      | Reached XP level 6. HP: 38/38 MP: 6/6
  3499 | D:4      | Found a sparkling altar of Nemelex Xobeh.
  3643 | D:4      | Slain by an orc wizard

Skill      XL: |  1  2  3  4 |
---------------+-------------+-----
Axes           | 3 4 |  4.7
Dodging        | 2 |  2.7
Stealth        | 1 |  1.5
Fighting       | 4 |  4.3
Armour         | |  2.5

Action                   |  1- 3 |  4- 6 || total
-------------------------+-------+-------++-------
Melee: Hand axe          |   124 |   139 ||   263
Invok: Berserk           |       |     3 ||     3
 Stab: Sleeping          |     3 |       ||     3
  Eat: Chunk             |     2 |     9 ||    11
Armor: Animal skin       |    49 |    76 ||   125
Dodge: Dodged            |    83 |   119 ||   202
